 Dungeon Crawl Stone Soup version 0.17-a0-1882-g750edc8 (webtiles) character file.

29 Goblin1989 the Cudgeler (level 3, -1/19 HPs)
             Began as a Vine Stalker Berserker on Sept 22, 2015.
             Was a Follower of Trog.
             Slain by an adder (2 damage)
             ... on level 2 of the Dungeon.
             The game lasted 00:03:34 (1094 turns).

Goblin1989 the Cudgeler (Vine Stalker Berserker)    Turns: 1094, Time: 00:03:35

Health: -1/19      AC:  2    Str: 25    XL:     3   Next: 16%
Magic:  0/4        EV: 12    Int:  7    God:    Trog [*.....]
Gold:   25         SH:  0    Dex: 13    Spells: 0 memorised, 2 levels left

rFire  . . .     SeeInvis .     i - +0 whip
rCold  . . .     Clarity  .     b - +0 animal skin
rNeg   . . .     SustAt   .     (no shield)
rPois  .         Gourm    .     (no helmet)
rElec  .         Spirit   +     (no cloak)
rCorr  .         Warding  .     (no gloves)
rMut   .         Stasis   .     (no boots)
MR     .....                    (no amulet)
Stlth  +.........               (no ring)
                                (no ring)

@: mighty, lethally poisoned (-1 -> -12), very slightly contaminated, hasted,
very quick, not resistant to hostile enchantments, very unstealthy
A: fangs 2, regeneration 1, magic shield, antimagic bite, no device heal 3, rot
immunity
a: Burn Spellbooks, Berserk, Renounce Religion


You were on level 2 of the Dungeon.
You worshipped Trog.
Trog was aware of your devotion.
You were hungry.

You visited 1 branch of the dungeon, and saw 2 of its levels.

You collected 25 gold pieces.

Inventory:

Hand weapons
 i - a +0 whip (weapon)
Armour
 b - a +0 animal skin (worn)
Scrolls
 a - a scroll of blinking {unknown}
 d - a scroll of immolation {unknown}
 e - a scroll of enchant armour {unknown}
 h - a scroll of teleportation {unknown}
 j - a scroll of fear {unknown}
 k - a scroll of identify {unknown}
Comestibles
 c - a bread ration
 l - a beef jerky


   Skills:
 - Level 2.6 Fighting
 + Level 3.8 Maces & Flails
 - Level 1.5 Armour
 - Level 1.5 Dodging


You had 2 spell levels left.
You didn't know any spells.

Dungeon Overview and Level Annotations

Branches:
Dungeon (2/15)

Altars:


Innate Abilities, Weirdness & Mutations

You have extremely sharp teeth.
Your natural rate of healing is unusually fast.
When hurt, damage is shared between your health and your magic reserves.
Your bite disrupts and absorbs the magic of your enemies.
Potions and wands cannot restore your health.
You are immune to rotting.


Message History

Read which item? (? for menu, Esc to quit)
Okay, then.
Drink which item? (? for menu, Esc to quit)
It was a potion of might.
You feel very mighty all of a sudden.
You feel sick. The adder bites you.
* * * LOW HITPOINT WARNING * * *
Drink which item? (? for menu, Esc to quit)
It was a potion of haste.
You feel yourself speed up.
* * * LOW HITPOINT WARNING * * *
You feel sick. The adder bites you.
* * * LOW HITPOINT WARNING * * *
You are more poisoned.
The adder poisons you!
You are very lightly contaminated with residual magic.
You closely miss the adder. Your bite misses the adder.
The adder is moderately wounded.
* * * LOW HITPOINT WARNING * * *
You feel sick. The adder bites you.
You die...

.# .###### #.. ...... #.###
..... ....# #... ..#.# ..
..##!..##.#.##...
......S..........
#.#...........(.@..........#.
#.#......#########.#.#..<....
.....#...............#.......
#..............#####.#.....#
..................##.#.....#
#...........###.#.##.#.....#
#..........................##
.................†...........
#......#........####.#.....##


You could see an adder.

Vanquished Creatures
  An ooze (D:1)
  A ball python (D:2)
  2 giant cockroaches
  3 hobgoblins
  2 bats
  2 giant newts (D:1)
  5 goblins
  7 kobolds
  2 rats (D:1)
25 creatures vanquished.

Notes
Turn   | Place    | Note
--------------------------------------------------------------
     0 | D:1      | Goblin1989 the Vine Stalker Berserker began the quest for the Orb.
     0 | D:1      | Reached XP level 1. HP: 11/11 MP: 2/2
   102 | D:1      | Reached skill level 3 in Maces & Flails
   135 | D:1      | Reached XP level 2. HP: 13/16 MP: 3/3
   912 | D:2      | Reached XP level 3. HP: 19/19 MP: 4/4
  1094 | D:2      | Slain by an adder

Vault maps used:
D:1:      grunt_arrival_lava_bath

Action                   || total
-------------------------++-------
Melee: Mace              ||    24
       Whip              ||    52
  Use: Potion            ||     2
 Stab: Sleeping          ||     4
